 Dungeon Crawl Stone Soup version 0.31-a0-1281-ge6b8506 (webtiles) character file.

Game seed: 3825395281291552525

1971314 Kearsarge the Envenomancer (level 27, 308/308 HPs)
             Began as a Merfolk Fighter on Dec 17, 2023.
             Was an Initiate of Gozag.
             Escaped with the Orb
             ... and 3 runes!
             The game lasted 01:26:13 (51517 turns).

Kearsarge the Envenomancer (Merfolk Fighter)       Turns: 51517, Time: 01:26:13

Health: 308/308    AC: 40    Str: 27    XL:     27
Magic:  23/23      EV: 21    Int:  9    God:    Gozag
Gold:   926        SH: 25    Dex: 13    Spells: 26/26 levels left

rFire   + . .        j - +9 demon trident (drain)
rCold   + . .        A - +7 tower shield of the Elven Halls {Rampage +Blink rPois}
rNeg    + + .        (body armour currently unavailable)
rPois   ∞            d - +2 hat {SInv}
rElec   +            w - scarf {rC+ rF+}
rCorr   +            (gloves currently unavailable)
SInv    +            (boots currently unavailable)
Will    ++++.        o - amulet of regeneration
Stlth   +            v - ring "Addur" {rPois Will++ rCorr Str-4}
HPRegen 1.51/turn    u - ring of Amorality {rN+ Str+5 Int-3 SInv Stlth+}
MPRegen 0.18/turn

%: rampage
@: statue-form, studying 2 skills, bribing [the Dungeon], very slow
A: slow and powerful, torment resistance 1, boosted hp, (nimble swimmer 2),
mertail, clever 1, clumsy 1, deformed body
0: Orb of Zot
}: 3/15 runes: barnacled, silver, gossamer
a: Begin Untransformation, Renounce Religion, Evoke Blink, Potion Petition, Call
Merchant, Bribe Branch


You escaped.
You worshipped Gozag.
Gozag was pleased with you.
You were a living statue of rough stone.
You visited 10 branches of the dungeon, and saw 48 of its levels.
You visited 1 bazaar.
You visited 1 ziggurat, and saw 9 of its levels.
You also visited: Bailey.

You collected 27772 gold pieces.
You spent 5757 gold pieces at shops.
You paid 21089 gold pieces to Gozag.

Inventory:

Hand Weapons
 j - a +9 demon trident of draining (weapon)
 T - the +27 heavy crossbow "Sniper" {heavy, Acc+∞ SInv}
   (You found it on level 5 of the Vaults)

   Acc+∞: It never misses its target.
   SInv:      It lets you see invisible.
Missiles
 b - 4 throwing nets
 c - 14 curare-tipped darts
Armour
 d - a +2 hat of see invisible (worn)
 w - a scarf of resistance (worn)
 A - the +7 tower shield of the Elven Halls (worn) {Rampage +Blink rPois}
   (You found it on level 4 of the Vaults)

   rPois:     It protects you from poison +Blink: It lets you blink.
   Rampage:   It bestows one free step when moving towards enemies.
Jewellery
 k - an amulet of guardian spirit
 o - an amulet of regeneration (around neck)
 t - a +6 ring of intelligence
 u - the ring of Amorality (right fist) {rN+ Str+5 Int-3 SInv Stlth+}
   (You took it off a deep elf pyromancer on level 13 of the Dungeon)

   [ring of see invisible]

   Str+5:     It affects your strength (+5).
   Int-3:     It affects your intelligence (-3).
   rN+:       It protects you from negative energy.
   SInv:      It lets you see invisible.
   Stlth+:    It makes you more stealthy.
 v - the ring "Addur" (left fist) {rPois Will++ rCorr Str-4}
   (You found it on level 3 of the Elven Halls)

   [ring of resist corrosion]

   Str-4:     It affects your strength (-4).
   rPois:     It protects you from poison Will++: It greatly increases your
   willpower.
   rCorr:     It protects you from acid and corrosion.
 I - a ring of magical power
 L - a ring of flight
Talismans
 Z - a granite talisman (active)
Wands
 H - a wand of paralysis (52)
 M - a wand of flame (137)
 O - a wand of roots (76)
 R - a wand of acid (40)
 W - a wand of digging (2)
 Y - a wand of polymorph (23)
Scrolls
 a - 7 scrolls of enchant armour
 f - 3 scrolls of torment
 h - 5 scrolls of fear
 l - 9 scrolls of amnesia
 p - 23 scrolls of teleportation
 q - 8 scrolls of vulnerability
 y - 9 scrolls of fog
 z - 5 scrolls of poison
 E - 6 scrolls of blinking
 G - 2 scrolls of silence
 K - a scroll of summoning
 Q - 3 scrolls of immolation
Potions
 e - 7 potions of haste
 g - 9 potions of brilliance
 i - 25 potions of curing
 m - 18 potions of heal wounds
 n - 12 potions of magic
 r - 6 potions of ambrosia
 s - 4 potions of lignification
 x - 2 potions of resistance
 C - a potion of invisibility
 D - 7 potions of might
 F - 3 potions of cancellation
 J - 4 potions of mutation
 N - 2 potions of berserk rage
 S - 3 potions of enlightenment
 U - 5 potions of attraction
Miscellaneous
 P - a lightning rod (4/4)
 V - a sack of spiders
 X - a phial of floods


   Skills:
 + Level 23.7 Fighting
 - Level 24.2 Polearms
 - Level 2.1 Armour
 - Level 21.8 Dodging
 - Level 15.0 Shields
 O Level 27 Poison Magic
 - Level 25.0 Shapeshifting


You had 26 spell levels left.
You didn't know any spells.
Your spell library contained the following spells:

 Spells                   Type           Power      Damage    Failure   Level
 Olgreb's Toxic Radiance  Pois           48%        N/A       0%          4
 Sting                    Tmut/Pois      96%        1d7       1%          1
 Poisonous Vapours        Pois/Air       48%        N/A       1%          2
 Cigotuvi's Dreadful Rot  Necr/Pois/Air  32%        N/A       3%          2
 Ignite Poison            Fire/Tmut/Pois 16%        N/A       7%          3
 Mephitic Cloud           Conj/Pois/Air  16%        N/A       7%          3
 Alistair's Intoxication  Tmut/Pois      16%        N/A       10%         5
 Eringya's Noxious Bog    Tmut/Pois      12%        4d6       47%         6
 Apportation              Tloc           0%         N/A       65%         1
 Freeze                   Ice            0%         1d3       65%         1
 Kiss of Death            Conj/Necr      0%         2d5       65%         1
 Magic Dart               Conj           0%         1d3       65%         1
 Necrotise                Necr           0%         1d4       65%         1
 Summon Small Mammal      Summ           0%         N/A       65%         1
 Blink                    Tloc           0%         N/A       80%         2
 Ensorcelled Hibernation  Hex/Ice        0%         N/A       80%         2
 Jinxbite                 Hex            0%         N/A       80%         2
 Lesser Beckoning         Tloc           0%         N/A       80%         2
 Momentum Strike          Conj/Tloc      0%         3d8       80%         2
 Passwall                 Tmut/Erth      0%         N/A       80%         2
 Searing Ray              Conj           0%         2d4       80%         2
 Static Discharge         Conj/Air       0%         3-3/arc   80%         2
 Wereblood                Tmut           0%         N/A       80%         2
 Call Canine Familiar     Summ           0%         N/A       95%         3
 Confusing Touch          Hex            0%         N/A       95%         3
 Frozen Ramparts          Ice            0%         1d1       95%         3
 Hailstorm                Conj/Ice       0%         3d5       95%         3
 Inner Flame              Hex/Fire       0%         N/A       95%         3
 Ozocubu's Armour         Ice            0%         N/A       95%         3
 Sigil of Binding         Hex            0%         N/A       95%         3
 Stone Arrow              Conj/Erth      0%         3d7       95%         3
 Summon Guardian Golem    Hex/Summ       0%         N/A       95%         3
 Swiftness                Air            0%         N/A       95%         3
 Volatile Blastmotes      Fire/Tloc      0%         2d10      95%         3
 Airstrike                Air            0%         2d(0-16)  100%        4
 Animate Armour           Summ/Erth      0%         N/A       100%        4
 Brom's Barrelling Bould  Conj/Erth      0%         2d3       100%        4
 Cause Fear               Hex            0%         N/A       100%        4
 Dimensional Bullseye     Hex/Tloc       0%         N/A       100%        4
 Dispel Undead            Necr           0%         3d6       100%        4
 Flame Wave               Conj/Fire      0%         2d4       100%        4
 Fulminant Prism          Conj/Hex       0%         3d5       100%        4
 Iskenderun's Mystic Bla  Conj/Tloc      0%         2d3       100%        4
 Manifold Assault         Tloc           0%         N/A       100%        4
 Passage of Golubria      Tloc           0%         N/A       100%        4
 Sticky Flame             Conj/Fire      0%         2d3       100%        4
 Summon Ice Beast         Ice/Summ       0%         N/A       100%        4
 Summon Lightning Spire   Summ/Air       0%         N/A       100%        4
 Vhi's Electric Charge    Tloc/Air       0%         N/A       100%        4
 Arcjolt                  Conj/Air       0%         1d10      100%        5
 Borgnjor's Vile Clutch   Necr/Erth      0%         N/A       100%        5
 Fireball                 Conj/Fire      0%         3d3       100%        5
 Irradiate                Conj/Tmut      0%         3d11      100%        5
 Silence                  Hex/Air        0%         N/A       100%        5
 Summon Forest            Summ/Tloc      0%         N/A       100%        5
 Summon Mana Viper        Hex/Summ       0%         N/A       100%        5
 Death Channel            Necr           0%         N/A       100%        6
 Plasma Beam              Fire/Air       0%         2x1d10    100%        6
 Starburst                Conj/Fire      0%         6d3       100%        6
 Summon Cactus Giant      Summ           0%         N/A       100%        6
 Monstrous Menagerie      Summ           0%         N/A       100%        7
 Discord                  Hex            0%         N/A       100%        8
 Ignition                 Fire           0%         3d3       100%        8
 Infestation              Necr           0%         N/A       100%        8
 Lehudib's Crystal Spear  Conj/Erth      0%         10d2      100%        8
 Maxwell's Capacitive Co  Air            0%         ∞         100%        8
 Dragon's Call            Summ           0%         N/A       100%        9
 Polar Vortex             Ice            0%         N/A       100%        9
 Animate Dead             Necr           Unusable   N/A       N/A         4
 Simulacrum               Ice/Necr       Unusable   N/A       N/A         6

Dungeon Overview and Level Annotations

Branches:
Dungeon (15/15)            Temple (1/1) D:4            Lair (5/5) D:11
 Shoals (4/4) Lair:2       Spider (4/4) Lair:3        Slime (0/5) Lair:5
    Orc (2/2) D:9             Elf (3/3) Orc:2        Vaults (5/5) D:13
  Crypt (0/3) Vaults:3     Depths (4/4) D:15            Zot (5/5) Depths:4
 Bailey (visited)

Altars:
Ashenzari
Cheibriados
Dithmenos
Elyvilon
Fedhas
Gozag
Hepliaklqana
Kikubaaqudgha
Makhleb
Nemelex Xobeh
Okawaru
Qazlal
Ru
Sif Muna
Trog
Uskayaw
Vehumet
Wu Jian
Xom
Yredelemnul
Zin
The Shining One

Shops:
D:7 [   D:9 ?   D:12 *   D:13 =   D:15 [=   Orc:1 (*?!   Orc:2 ?(([*   Elf:1 *
Elf:2 *   Lair:1 [   Shoals:1 =*   Shoals:3 =   Spider:2 [   Vaults:1 [[(
Vaults:2 :   Vaults:3 (

Portals:
Hell: Depths:1 Depths:2 Depths:3 Depths:4
Abyss: Depths:1 Depths:2 Depths:3 Depths:4
Pandemonium: Depths:2

Annotations:
D:10 4 transporters
Lair:5 exclusion: 2 oklob plants
Shoals:3 exclusion: ice statue
Spider:3 3 runed translucent doors, Guallew's ghost, adept DsIE
Orc:1 3 runed translucent doors, wqsa789's ghost, journeyman GnFi
Elf:2 3 runed translucent doors, Asterion
Elf:3 3 runed translucent doors
Depths:1 3 runed translucent doors, exclusion: obsidian statue, Punicw's ghost, adept TrGl
Depths:3 exclusion: statue


Innate Abilities, Weirdness & Mutations

You are a living statue of rough stone.
Your actions are slow, but your melee attacks are powerful.
You are resistant to unholy torment.
Your maximum health is greatly increased.
Your equipment is partially melded.
You are immune to poison.
((You are very nimble when in or above water. (Stealth+, EV+, Speed+++)))
Your lower body shifts to a powerful aquatic tail in water.
Your mind is acute. (Int +4, Str/Dex -1)
You are clumsy. (Dex -2)
Armour fits poorly on your strangely shaped body.


Message History

There is a stone staircase leading up here.
You feel a bit more experienced.
You climb upwards.
There is a stone staircase leading down here.
There is a stone staircase leading up here.
You climb upwards.
There is a stone staircase leading down here.
You swap places.
There is a stone staircase leading up here.
You climb upwards.
There is a stone staircase leading down here.
You swap places.
There is a stone staircase leading up here.
You climb upwards.
There is a stone staircase leading down here.
The endoplasm quivers.
Zeheasiawn gestures.
Zeheasiawn flickers and vanishes for a moment.
Zeheasiawn gestures at the endoplasm.
The endoplasm is firmly anchored in space.
You block the endoplasm's attack.
Zeheasiawn hits the endoplasm!!
Zeheasiawn freezes the endoplasm.
The endoplasm dies!
Zeheasiawn gestures at something.
You feel a bit more experienced. You block the bat's attack.
The bat misses you.
Zeheasiawn gestures at the bat.
The spray of metal splinters hits the bat!!!
The bat dies!
Aiming: Dig
Press: ? - help, Q - select action, (/) - cycle Shift-Dir - straight line You can't see that place. [the floor.]
The rock shatters into small pieces.
Your glowing orange brain grins greedily, jangling a coin purse.
A glowing orange brain comes into view.
Your glowing orange brain moves out of view.
There is a staircase leading out of the dungeon here.
You can't go down here!
You have escaped!

.....# #...$.....##....#
#...... .....#
#.........####.## #......
.....###.........####.#
###....
.........G.......#....## #....
####.............##....####
#.... #....########.#........#
#.... #....#
##....####..###.... #....#
#.&G### #...##.... #....#
#.8..## ##..##.... #....##
##.....## #...#.... #.....#
##.......######......
#####.####..#.##....##........
#.......#####.#......#####
####....#####...÷...##
#.#...##.....#...##
#.#........####...#
#.#####....# ##.##


You could see the friendly Zeheasiawn (invisible) and a friendly glowing orange
brain.

Vanquished Creatures
  Frederick (Vaults:2)
  3 dread liches
  2 ancient liches
  An orb of fire (Zot:3)
  Mennas (Vaults:3)
  A juggernaut (Depths:4)
  3 Killer Klowns (Zig:9)
  Saint Roka (Vaults:1)
  2 curse toes
  Margery (Vaults:2)
  2 caustic shrikes
  5 golden dragons
  Nikola (Spider:3)
  2 pearl dragons (Depths:4)
  Arachne (Spider:4)
  3 electric golems
  An Ice Fiend (Zot:5)
  4 liches
  Mlioglotl (Spider:3)
  An iron giant (Zig:7)
  A hellephant (Zig:6)
  18 tentacled monstrosities
  10 Orb Guardians
  2 deep elf master archers (Elf:3)
  5 titans
  A sphinx (shapeshifter) (Zig:9)
  4 quicksilver dragons
  A deep elf blademaster (Elf:3)
  A searing wretch (Vaults:2)
  An ancient champion (Depths:1)
  8 death cobs
  6 sphinxes
  A tentacled starspawn (Zig:5)
  2 Executioners
  7 shadow dragons
  6 tengu reavers
  Roxanne (Elf:2)
  10 storm dragons
  13 draconian monks
  Donald (Vaults:1)
  3 frost giants
  4 draconian knights
  2 demonspawn warmongers
  2 protean progenitors
  A daeva (Vaults:3)
  An iron dragon (Zot:3)
  4 balrugs
  6 deep elf elementalists (Elf:3)
  7 deep elf sorcerers
  6 emperor scorpions
  3 ghost moths
  11 vault wardens
  4 draconian scorchers
  2 orc warlords
  4 draconian shifters
  7 draconian stormcallers
  An angel (Vaults:3)
  7 draconian annihilators
  3 formless jellyfish
  12 very ugly things
  5 spriggan defenders (Depths:2)
  A demonspawn corrupter (Depths:2)
  5 stone giants
  15 ironbound preservers
  2 war gargoyles
  4 ironbound thunderhulks
  An ophan (Depths:4)
  2 vampire knights (Depths:2)
  4 reapers
  14 green draconians
  2 broodmothers (Spider:1)
  12 black draconians
  4 deep elf death magi
  An apis (Depths:4)
  4 deep elf demonologists
  10 deep elf annihilators
  A lorocyproca (Depths:4)
  Nessos (Orc:2)
  14 red draconians
  9 spark wasps
  9 white draconians
  16 yellow draconians
  An eidolon (Depths:1)
  8 dire elephants
  5 statues (Depths:3)
  6 purple draconians
  5 merfolk impalers
  A crystal guardian (Vaults:4)
  2 iron golems
  7 merfolk javelineers
  7 entropy weavers
  13 fire dragons
  A shambling mangrove (Zig:1)
  4 ettins
  10 yaktaur captains
  A mummy priest (Zig:2)
  A jiangshi (Depths:2)
  10 deep elf high priests
  11 vault guards
  3 hydras
  7 great orbs of eyes
  8 ice dragons
  A hydra (shapeshifter) (Zig:9)
  2 ogre magi (Orc:2)
  A hell beast (Depths:1)
  5 spriggan air magi
  5 salamander tyrants
  2 rakshasas (D:14)
  2 alligators (Zot:4)
  2 merfolk avatars
  A peacekeeper (Vaults:4)
  4 death knights
  2 catoblepae
  10 centaur warriors
  3 radroaches
  7 ironbound frosthearts
  12 boulder beetles
  2 satyrs
  4 merfolk aquamancers
  A jorogumo (Spider:2)
  4 hell hogs (D:15)
  8 death scarabs (Spider:4)
  13 dancing weapons
  4 deep troll earth magi
  4 vampire magi (Depths:2)
  4 death yaks (Lair:3)
  7 tengu warriors
  14 two-headed ogres
  4 deep troll shamans
  10 spriggan berserkers
  9 demonic crawlers
  3 orc high priests
  2 sun demons (Zot:5)
  3 occultists
  Urug (Lair:2)
  A crystal echidna (Zig:4)
  4 hell knights (Vaults:2)
  6 iron trolls
  6 deep elf knights
  Amaemon (Lair:1)
  8 pharaoh ants
  14 sea snakes
  3 shadow wraiths
  2 skysharks (Lair:5)
  2 sun moths
  A glowing orange brain (shapeshifter) (Vaults:5)
  A shadow demon (D:15)
  7 flayed ghosts
  7 skeletal warriors
  45 deep trolls
  2 spark wasp zombies (Depths:2)
  11 orb spiders
  4 glowing orange brains
  43 slime creatures
  A deep troll (shapeshifter) (Vaults:5)
  A tengu zombie (Depths:1)
  9 orc knights
  Pikel (D:9)
  An orange crystal statue (Shoals:1)
  6 steelbarb worms (Spider:4)
  28 deep elf pyromancers
  8 arcanists
  A spectral jorogumo (Spider:4)
  5 deep elf archers
  9 phantasmal warriors
  7 lindwurms
  15 deep elf zephyrmancers
  21 ironbound convokers
  3 necromancers
  21 ugly things
  19 wolf spiders
  4 orc sorcerers
  2 broodmother zombies (Spider:4)
  13 harpies
  2 fauns (Shoals:1)
  4 starcursed masses (Zig:5)
  4 salamanders (Depths:4)
  13 cyclopes
  22 manticores
  A faun (shapeshifter) (Vaults:2)
  7 large abominations
  2 frost giant skeletons (Depths:1)
  4 merfolk sirens
  2 moths of wrath (shapeshifter)
  23 moths of wrath
  An apocalypse crab (Zig:9)
  14 vault sentinels
  4 black mambas
  A black mamba (shapeshifter) (D:15)
  19 elephants
  2 smoke demons
  6 torpor snails
  3 water nymphs
  2 gargoyles (D:14)
  7 orange demons
  An unseen horror (D:11)
  13 cane toads
  3 spectral redbacks (Spider:4)
  A storm dragon simulacrum (Depths:1)
  5 rime drakes
  24 yaktaurs
  12 komodo dragons
  2 guardian mummies (Zig:2)
  4 freezing wraiths
  2 efreet (D:13)
  8 tengu conjurers
  A redback zombie (Spider:4)
  A hellwing (D:14)
  A meliai (D:14)
  11 trolls
  A polar bear (shapeshifter) (D:13)
  5 hornets
  Prince Ribbit (D:7)
  24 tarantellas
  5 wind drakes
  23 merfolk
  A spectral culicivora (Spider:4)
  Grinder (D:6)
  4 polar bears
  16 blink frogs
  2 spectral tarantellas (Spider:4)
  5 snapping turtles
  3 spectral jumping spiders (Spider:4)
  4 tarantella zombies (Spider:4)
  4 spriggan zombies
  10 dream sheep
  29 jumping spiders
  Sigmund (D:4)
  A culicivora zombie (Spider:4)
  3 shadows (D:11)
  A spriggan (shapeshifter) (D:13)
  16 culicivoras
  18 water elementals
  3 fire elementals
  4 wyverns
  A ynoxinul (Zig:5)
  4 wraiths
  3 spriggans (Depths:4)
  6 wargs
  30 yaks
  Grum (D:11)
  10 basilisks
  2 steam dragons
  16 vampire mosquitoes
  A neqoxec (Zig:5)
  65 redbacks
  2 chaos spawn (Zot:3)
  Edmund (D:4)
  Menkaure (D:4)
  An acid dragon (D:12)
  17 water moccasins
  44 orc warriors
  2 sky beasts
  A meliai simulacrum (D:14)
  5 black bears
  2 ice beasts
  8 centaurs
  2 lemures (D:9)
  6 wolves
  22 ogres
  2 kobold brigands
  A scorpion (shapeshifter) (D:13)
  9 bullfrogs
  9 scorpions
  2 gnoll sergeants
  14 wights
  4 killer bees (D:8)
  6 howler monkeys
  5 electric eels
  3 lava snakes (Lair:1)
  A hound (D:6)
  3 gnoll boudas
  18 orc priests
  5 jellies
  Jessica (D:2)
  A sleepcap (D:7)
  4 iguanas
  17 orc wizards
  A lightning spire (Zot:2)
  2 mummies (Zig:2)
  10 adders
  31 gnolls
  A white imp (D:6)
  6 ufetubi
  A worm (D:3)
  5 dart slugs
  102 orcs
  7 endoplasms
  7 giant cockroaches
  20 goblins
  19 hobgoblins
  6 jackals
  3 quokkas
  8 ball pythons
  5 bats (D:1)
  3 frilled lizards
  11 kobolds
  9 rats
  2 starspawn tentacles (Spider:3)
  A tentacle (Shoals:3)
2007 creatures vanquished.

Vanquished Creatures (collateral kills)
  2 ancient liches (Zot:5)
  An orb of fire (Zot:5)
  8 Killer Klowns (Zot:5)
  2 electric golems (Zot:5)
  2 iron giants (Zig:7)
  A tentacled monstrosity (Zot:5)
  A Hell Sentinel (Zig:7)
  A lich (Vaults:5)
  12 Orb Guardians (Zot:5)
  A death cob (Zot:5)
  A shadow dragon (Zot:5)
  The ghost of Yjerus the Bludgeoner, an adept MiAK of Lugonu (D:15)
  2 storm dragons (Zot:5)
  2 protean progenitors (Zot:5)
  A draconian knight (Zot:5)
  A deep elf elementalist (Elf:3)
  A draconian scorcher (Zot:5)
  A red draconian (Zot:5)
  A yellow draconian (Zot:5)
  2 spark wasps (Zot:5)
  An eidolon (D:15)
  2 ettins (Vaults:5)
  2 merfolk impalers (Shoals:4)
  2 merfolk javelineers (Shoals:4)
  Erolcha (Orc:2)
  A vault guard (Vaults:5)
  A two-headed ogre (shapeshifter) (Vaults:5)
  A merfolk avatar (Shoals:4)
  A merfolk aquamancer (Shoals:4)
  A boulder beetle (Zig:7)
  A goliath frog (Zot:5)
  A swamp dragon (shapeshifter) (Vaults:5)
  2 harpies (Shoals:4)
  An orc sorcerer (Orc:2)
  2 moths of wrath (Zot:5)
  A torpor snail (Zig:7)
  A smoke demon (D:14)
  A merfolk (Shoals:4)
  A red devil (D:5)
  2 wind drakes (Shoals:4)
  A hellwing (D:14)
  A jumping spider (Spider:2)
  An orc warrior (Orc:2)
  An ogre (Orc:2)
  An earth elemental (Zig:7)
  An orc priest (Orc:2)
  3 orcs (Orc:2)
  A bat (D:1)
  An endoplasm (D:1)
  A jackal (D:1)
  An aspiring flesh (Zot:5)
83 creatures vanquished.

Vanquished Creatures (others)
  2 orbs of fire (Zot:5)
  2 dread liches
  A Killer Klown (Zot:5)
  2 tentacled monstrosities (Vaults:5)
  5 Orb Guardians (Zot:5)
  A quicksilver dragon (Vaults:5)
  2 titans (Vaults:5)
  A sphinx (Vaults:5)
  3 tengu reavers (Vaults:5)
  2 shadow dragons (Vaults:5)
  2 frost giants (Vaults:5)
  3 fire giants (Vaults:5)
  A ghost moth (Spider:3)
  A vault warden (Vaults:5)
  A very ugly thing (Vaults:5)
  2 ironbound preservers (Vaults:5)
  3 stone giants (Vaults:5)
  A deep elf death mage (Vaults:5)
  2 red draconians
  A deep elf annihilator (Vaults:5)
  3 ettins (Vaults:5)
  2 yaktaur captains (Vaults:5)
  16 vault guards (Vaults:5)
  An ogre mage (Vaults:5)
  A boulder beetle (D:13)
  2 deep trolls (Vaults:5)
  2 orb spiders (Spider:3)
  A phantasmal warrior (Vaults:5)
  2 ironbound convokers (Vaults:5)
  An orc knight (Vaults:5)
  A cyclops (Shoals:4)
  A yaktaur (Vaults:5)
  A tarantella (Spider:3)
  A dream sheep (Lair:5)
  A warg (Vaults:5)
  2 redbacks (Vaults:5)
  A chaos spawn (Zig:9)
  2 orc warriors (Vaults:5)
  An orc priest (Vaults:5)
  3 starspawn tentacles
  3 tentacles (Shoals:3)
86 creatures vanquished.

Grand Total: 2176 creatures vanquished

Notes
Turn   | Place    | Note
-------+----------+-------------------------------------------
     0 | D:1      | Kearsarge the Merfolk Fighter began the quest for the Orb.
     0 | D:1      | Reached XP level 1. HP: 18/18 MP: 1/1
   123 | D:1      | Reached XP level 2. HP: 24/24 MP: 2/2
   268 | D:1      | Reached XP level 3. HP: 26/30 MP: 3/3
   744 | D:2      | Found an ornate altar of the Wu Jian Council.
   939 | D:2      | Reached XP level 4. HP: 33/37 MP: 4/4
   974 | D:2      | Reached skill level 5 in Polearms
  1071 | D:2      | Noticed Jessica
  1089 | D:2      | Killed Jessica
  1090 | D:2      | Reached XP level 5. HP: 30/43 MP: 5/5
  1429 | D:3      | Identified a scroll of acquirement
  1429 | D:3      | Acquired a manual of Polearms
  1714 | D:3      | Reached skill level 5 in Fighting
  1824 | D:3      | Reached XP level 6. HP: 51/51 MP: 6/6
  2274 | D:4      | Found a staircase to the Ecumenical Temple.
  2279 | D:4      | Noticed a black bear
  2291 | D:4      | Killed a black bear
  2297 | D:4      | Reached XP level 7. HP: 35/57 MP: 7/7
  2301 | Temple   | Entered the Ecumenical Temple
  2398 | D:4      | Found a hazy altar of Hepliaklqana.
  2456 | D:4      | Found an ancient bone altar of Kikubaaqudgha.
  2508 | D:4      | Noticed Menkaure
  2515 | D:4      | Killed Menkaure
  2516 | D:4      | Reached skill level 10 in Polearms
  2593 | D:4      | Noticed Sigmund
  2604 | D:4      | Killed Sigmund
  2699 | D:4      | Noticed Edmund
  2710 | D:4      | Killed Edmund
  2711 | D:4      | Reached XP level 8. HP: 67/67 MP: 8/8
  2928 | D:5      | Entered Level 5 of the Dungeon
  4319 | D:6      | Reached XP level 9. HP: 44/76 MP: 9/9
  4649 | D:6      | Noticed Grinder
  4718 | D:6      | Paralysed by Grinder for 3 turns
  4794 | D:6      | Killed Grinder
  4795 | D:6      | Reached skill level 15 in Polearms
  4831 | D:6      | Reached skill level 10 in Fighting
  5027 | D:6      | Found a hide-covered altar of Uskayaw.
  5402 | D:6      | Identified the +0 ring mail "Laelekot" {+Inv rF+ Str+4}
  5751 | D:7      | Reached XP level 10. HP: 76/87 MP: 10/10
  5798 | D:7      | Found Canitzua's Antique Armour Emporium.
  5976 | D:7      | Noticed Prince Ribbit
  5985 | D:7      | Killed Prince Ribbit
  6992 | D:8      | Found a broken altar of Ashenzari.
  7022 | D:8      | Found a flagged portal.
  7058 | Bailey   | Entered a bailey
  7176 | Bailey   | Reached skill level 1 in Dodging
  7326 | Bailey   | Reached skill level 5 in Dodging
  7405 | Bailey   | Noticed an orc warlord
  7424 | Bailey   | Identified the +3 war axe of War {speed, Str+3}
  7427 | Bailey   | Killed an orc warlord
  7428 | Bailey   | Reached XP level 11. HP: 95/95 MP: 11/11
  7487 | Bailey   | Identified the +3 scimitar of Foul Odours {freeze, *Noise
                  | Will+ Str+2}
  7507 | Bailey   | Acquired 1157 gold pieces
  7566 | D:8      | Found a white marble altar of Elyvilon.
  7850 | D:8      | Found an opulent altar of Gozag.
  7850 | D:8      | Found a blossoming altar of Fedhas.
  7855 | D:8      | Became a worshipper of Gozag Ym Sagoz the Greedy
  7907 | D:7      | Bought an ichor-stained ring mail for 243 gold pieces
  7907 | D:7      | Identified the +1 ring mail of Entitlement {rF+ MP+9} (You
                  | bought it in a shop on level 7 of the Dungeon)
  7907 | D:7      | Bought a polished scale mail for 243 gold pieces
  7907 | D:7      | Identified the +2 scale mail "Woihal" {rPois Regen+ Str+3}
                  | (You bought it in a shop on level 7 of the Dungeon)
  8331 | D:9      | Noticed Pikel
  8361 | D:9      | Killed Pikel
  8362 | D:9      | Reached skill level 10 in Dodging
  8695 | D:9      | Found Iliric's Magic Scroll Shoppe.
  8706 | D:9      | Bought a scroll of identify for 34 gold pieces
  8706 | D:9      | Bought a scroll of identify for 34 gold pieces
  8706 | D:9      | Bought a scroll of blinking for 127 gold pieces
  8706 | D:9      | Bought a scroll of identify for 34 gold pieces
  8706 | D:9      | Bought a scroll of identify for 34 gold pieces
  8706 | D:9      | Bought a scroll of identify for 34 gold pieces
  8706 | D:9      | Bought a scroll of fear for 68 gold pieces
  8809 | D:9      | Found a staircase to the Orcish Mines.
  9209 | D:10     | Entered Level 10 of the Dungeon
  9239 | D:10     | Noticed a two-headed ogre
  9249 | D:10     | Killed a two-headed ogre
  9313 | D:10     | Noticed a two-headed ogre
  9327 | D:10     | Killed a two-headed ogre
  9375 | D:10     | Found a transporter.
  9389 | D:10     | Found a transporter.
  9391 | D:10     | Found a transporter.
  9399 | D:10     | Found a transporter.
 10048 | D:11     | Noticed a two-headed ogre
 10058 | D:11     | Killed a two-headed ogre
 10197 | D:11     | Noticed Grum
 10231 | D:11     | Killed Grum
 10232 | D:11     | Reached XP level 12. HP: 101/106 MP: 12/12
 10260 | D:11     | Noticed a boulder beetle
 10292 | D:11     | Killed a boulder beetle
 10409 | D:11     | Found a staircase to the Lair.
 10789 | Orc:1    | Entered Level 1 of the Orcish Mines
 10934 | Orc:2    | Entered Level 2 of the Orcish Mines
 10977 | Orc:2    | Noticed Erolcha
 10986 | Orc:2    | Killed Erolcha
 10987 | Orc:2    | Reached skill level 15 in Fighting
 11064 | Orc:1    | Found Xiakh's Distillery.
 11071 | Orc:1    | Bought 2 potions of might for 112 gold pieces
 11071 | Orc:1    | Bought a potion of invisibility for 112 gold pieces
 11071 | Orc:1    | Bought 2 potions of haste for 280 gold pieces
 11071 | Orc:1    | Bought a potion of lignification for 42 gold pieces
 11071 | Orc:1    | Bought a potion of enlightenment for 70 gold pieces
 11071 | Orc:1    | Bought a potion of mutation for 112 gold pieces
 11255 | Orc:1    | Found a runed translucent gate.
 11255 | Orc:1    | Found a runed translucent gate.
 11255 | Orc:1    | Found a runed translucent gate.
 11256 | Orc:1    | Noticed a centaur warrior
 11257 | Orc:1    | Noticed a merfolk impaler
 11258 | Orc:1    | Noticed a tengu warrior
 11259 | Orc:1    | Noticed an orc warlord
 11376 | Orc:1    | Found Weeguro's Magic Scroll Boutique.
 11381 | Orc:1    | Found Sykof's General Store.
 11387 | Orc:1    | Bought a scroll of identify for 20 gold pieces
 11387 | Orc:1    | Bought a scroll of enchant weapon for 75 gold pieces
 11387 | Orc:1    | Bought a scroll of poison for 40 gold pieces
 11387 | Orc:1    | Bought a scroll of identify for 20 gold pieces
 11387 | Orc:1    | Bought a scroll of revelation for 75 gold pieces
 11387 | Orc:1    | Bought a scroll of identify for 20 gold pieces
 11387 | Orc:1    | Bought a scroll of brand weapon for 95 gold pieces
 11402 | Orc:1    | Bought a potion of heal wounds for 70 gold pieces
 11402 | Orc:1    | Bought a scroll of blinking for 105 gold pieces
 11402 | Orc:1    | Bought a scroll of fog for 56 gold pieces
 11402 | Orc:1    | Bought a scroll of identify for 28 gold pieces
 11672 | Orc:1    | Identified the +0 leather armour of Time Monsters {Dex+3}
 11674 | Orc:1    | Noticed wqsa789's ghost (journeyman GnFi)
 11674 | Orc:1    | Identified the +4 longbow "Beetleslayer" {freeze, rElec rC-
                  | Int+4}
 11674 | Orc:1    | Identified the +3 morningstar "Cagifes" {freeze, +Blink
                  | Int+4}
 11674 | Orc:1    | Noticed a centaur warrior
 11700 | Orc:1    | Found an iron altar of Okawaru.
 11725 | Orc:2    | Noticed an iron troll
 11730 | Orc:2    | Noticed an ogre mage
 11737 | Orc:2    | Killed an iron troll
 11741 | Orc:2    | Killed an ogre mage
 11742 | Orc:2    | Noticed a two-headed ogre
 11749 | Orc:2    | Noticed an ettin
 11752 | Orc:2    | Noticed a two-headed ogre
 11757 | Orc:2    | Killed a two-headed ogre
 11758 | Orc:2    | Reached XP level 13. HP: 109/119 MP: 13/13
 11780 | Orc:2    | Killed an ettin
 11857 | Orc:2    | Noticed Nessos
 11902 | Orc:2    | Found Congienn's Antique Weapon Boutique.
 11906 | Orc:2    | Found Yzaniwk's Antique Weapon Shoppe.
 11910 | Orc:2    | Found Zuzyxedi's Antique Armour Shoppe.
 12067 | Orc:2    | Found Tixyxa Omuy's Assorted Antiques.
 12323 | Orc:2    | Found Huvual's Magic Scroll Shop.
 12328 | Orc:2    | Bought a scroll of enchant weapon for 120 gold pieces
 12328 | Orc:2    | Bought a scroll of poison for 64 gold pieces
 12328 | Orc:2    | Bought a scroll of poison for 64 gold pieces
 12377 | Orc:2    | Noticed an orc warlord
 12389 | Orc:2    | Killed Nessos
 12435 | Orc:2    | Killed an orc warlord
 12646 | Orc:2    | Found a staircase to the Elven Halls.
 12914 | Lair:1   | Entered Level 1 of the Lair of Beasts
 12926 | Lair:1   | Bought the +2 pair of boots of Rykoduth {Str+5} for 480
                  | gold pieces
 13582 | Lair:1   | Reached skill level 5 in Shields
 13774 | Lair:1   | Reached XP level 14. HP: 130/130 MP: 14/14
 14127 | Lair:2   | Noticed Amaemon
 14143 | Lair:1   | Killed Amaemon
 14280 | Lair:2   | Found a staircase to the Shoals.
 14630 | Lair:2   | Noticed Urug
 14644 | Lair:2   | Killed Urug
 15441 | Lair:3   | Reached skill level 10 in Shields
 15492 | Lair:3   | Found a hole to the Spider Nest.
 16879 | Lair:5   | Entered Level 5 of the Lair of Beasts
 17115 | Lair:5   | Reached XP level 15. HP: 121/136 MP: 15/15
 17115 | Lair:5   | Identified the +3 trident "Xirecvit" {elec, rPois Str+2
                  | Dex+3}
 17149 | Lair:5   | Identified the staff of Superiority {rPois rC+ Will+ Ice}
 17534 | Lair:5   | Found a staircase to the Slime Pits.
 18023 | D:12     | Bought a scroll of summoning for 152 gold pieces
 18023 | D:12     | Bought a lightning rod (4/4) for 640 gold pieces
 18175 | D:12     | Found a shimmering blue altar of Sif Muna.
 18677 | D:13     | Found a snail-covered altar of Cheibriados.
 18706 | D:13     | Found a gate to the Vaults.
 18714 | D:13     | Found Kogh's Jewellery Shop.
 19058 | D:13     | Reached skill level 15 in Shields
 19363 | D:13     | Identified the +0 robe "Istran Mohu" {+Inv Str+5}
 19421 | D:13     | Identified the +4 great sword of Kearsarge's Terror {heavy,
                  | rF+ Will++ Str-2 Int+2}
 19421 | D:13     | Identified the ring of Amorality {rN+ Str+5 Int-3 SInv
                  | Stlth+}
 19947 | D:14     | Reached XP level 16. HP: 145/145 MP: 16/16
 20153 | D:14     | Identified the staff of Uskayaw, Shimmering {^Fragile rElec
                  | rN+++ Str-3 Fire Air}
 20223 | D:14     | Identified the +5 quarterstaff of the Stopping Vulture
                  | {heavy, rElec rC+ Str-2 Dex+2}
 21071 | D:15     | Entered Level 15 of the Dungeon
 21155 | D:15     | Found a glowing golden altar of the Shining One.
 21315 | D:15     | Found a staircase to the Depths.
 21706 | D:15     | Found Zifuplon's Jewellery Shoppe.
 21712 | D:15     | Bought an amulet of regeneration for 450 gold pieces
 21828 | D:15     | Found a runed translucent gate.
 21829 | D:15     | Found a runed translucent gate.
 21892 | D:15     | Found a runed translucent gate.
 21893 | D:15     | Noticed Yjerus's ghost (adept MiAK)
 21915 | D:15     | Killed Yjerus's ghost
 21931 | D:15     | Identified the ring "Vanutsei" {MP+9 Str+2 Int+6 Stlth-}
 22257 | Shoals:1 | Entered Level 1 of the Shoals
 22304 | Shoals:1 | Found a transporter.
 22304 | Shoals:1 | Found Jeapre's General Store.
 22307 | Shoals:1 | Found a transporter.
 22430 | Shoals:1 | Found a flickering gateway to a bazaar.
 22444 | Shoals:1 | Found Zitsuom's Jewellery Shop.
 22470 | Bazaar   | Entered a bazaar
 22487 | Bazaar   | Found Cekhla's Distillery.
 22498 | Bazaar   | Found Puwotiv's Magic Scroll Shoppe.
 22520 | Bazaar   | Found Ruer's Magic Scroll Shoppe.
 22540 | Bazaar   | Found Idior's Distillery.
 22545 | Bazaar   | Bought a potion of heal wounds for 60 gold pieces
 22560 | Bazaar   | Bought a scroll of blinking for 142 gold pieces
 22560 | Bazaar   | Bought a scroll of blinking for 142 gold pieces
 22560 | Bazaar   | Bought a scroll of enchant weapon for 142 gold pieces
 22560 | Bazaar   | Bought a scroll of brand weapon for 180 gold pieces
 22580 | Bazaar   | Bought a scroll of summoning for 123 gold pieces
 22580 | Bazaar   | Bought a scroll of teleportation for 39 gold pieces
 22595 | Bazaar   | Bought a potion of might for 48 gold pieces
 23070 | Shoals:2 | Reached XP level 17. HP: 140/156 MP: 17/17
 23799 | Shoals:3 | Reached skill level 1 in Shapeshifting
 23963 | Shoals:3 | Reached skill level 5 in Shapeshifting
 24074 | Shoals:3 | Found Hinij's Jewellery Shoppe.
 24269 | Shoals:3 | Found a frozen archway.
 24329 | Shoals:3 | Noticed a kraken
 24575 | Shoals:4 | Entered Level 4 of the Shoals
 24666 | Shoals:4 | Identified the +0 leather armour of a Hundred Teeth {rCorr
                  | Int+4}
 24719 | Shoals:4 | Identified the +4 eveningstar "Killer Bee's Regret" {elec,
                  | rF+++ Int+2 Dex+2}
 24758 | Shoals:4 | Reached skill level 10 in Shapeshifting
 24793 | Shoals:4 | Got a barnacled rune of Zot
 25083 | Shoals:1 | Bought a ring of protection from fire for 325 gold pieces
 25175 | Spider:1 | Entered Level 1 of the Spider Nest
 25355 | Spider:1 | Reached XP level 18. HP: 164/164 MP: 18/18
 26509 | Spider:2 | Identified the +9 war axe of Wyovemno {spect, rN+ Str+5}
 26562 | Spider:2 | Reached skill level 15 in Shapeshifting
 26694 | Spider:2 | Found the +10 dark maul {heavy}
 27510 | Spider:3 | Noticed Nikola
 27537 | Spider:3 | Killed Nikola
 27596 | Spider:3 | Identified the +3 morningstar of Bloodstone {drain, ^Contam
                  | +Blink rC+ Int+5}
 27609 | Spider:3 | Noticed Mlioglotl
 27629 | Spider:3 | Killed Mlioglotl
 28077 | Spider:3 | Found a runed translucent gate.
 28078 | Spider:3 | Found a runed translucent gate.
 28078 | Spider:3 | Found a runed translucent gate.
 28149 | Spider:3 | Noticed Guallew's ghost (adept DsIE)
 28165 | Spider:4 | Entered Level 4 of the Spider Nest
 28183 | Spider:4 | Noticed Arachne
 28207 | Spider:4 | Killed Arachne
 28574 | Spider:4 | Reached XP level 19. HP: 171/171 MP: 19/19
 29043 | Spider:4 | Reached skill level 15 in Dodging
 29407 | Spider:4 | Got a gossamer rune of Zot
 29830 | Elf:1    | Entered Level 1 of the Elven Halls
 29945 | Elf:1    | Got the Vellum of Vapourous Impulse
 30643 | Elf:1    | Found Miherr's Merry Market.
 30649 | Elf:1    | Bought a potion of might for 52 gold pieces
 30711 | Elf:2    | Noticed Roxanne
 30733 | Elf:2    | Killed Roxanne
 30812 | Elf:2    | Found Husto Vac's Assorted Antiques.
 30910 | Elf:2    | Found a runed translucent gate.
 30911 | Elf:2    | Found a runed translucent gate.
 30911 | Elf:2    | Found a runed translucent gate.
 31117 | Elf:2    | Bought a scroll of summoning for 351 gold pieces
 31271 | Elf:2    | Noticed Asterion
 31303 | Elf:3    | Entered Level 3 of the Elven Halls
 31357 | Elf:3    | Found a runed translucent gate.
 31357 | Elf:3    | Found a runed translucent gate.
 31357 | Elf:3    | Found a runed translucent gate.
 31841 | Elf:3    | Reached XP level 20. HP: 108/178 MP: 20/20
 31967 | Elf:3    | Identified the +2 battleaxe "Askul" {heavy, +Blink Will-
                  | SInv Stlth+}
 32159 | Elf:3    | Identified the ring of Deriplua {Int+3 Dex+6}
 32279 | Elf:3    | Identified the ring "Addur" {rPois Will++ rCorr Str-4}
 32292 | Elf:3    | Identified the +4 hand axe of Vugoihun {flame, Fly rF+
                  | rN+++ Int-2}
 32302 | Elf:3    | Got the Teachings on Singed Detritus
 32332 | Elf:3    | Identified the +6 orcbow of Commac {speed, rElec Will+}
 32357 | Elf:3    | Identified the +0 chain mail "Wyl Oxkau" {rF+}
 32701 | Vaults:1 | Entered Level 1 of the Vaults
 33081 | Vaults:1 | Noticed Donald
 33094 | Vaults:1 | Killed Donald
 33329 | Vaults:1 | Noticed Saint Roka
 33355 | Vaults:1 | Killed Saint Roka
 34513 | Vaults:2 | Noticed Frederick
 34876 | Vaults:2 | Reached XP level 21. HP: 185/185 MP: 21/21
 34945 | Vaults:2 | Noticed Margery
 35261 | Vaults:2 | Killed Margery
 35283 | Vaults:2 | Killed Frederick
 35448 | Vaults:2 | Noticed a dread lich
 35463 | Vaults:2 | Killed a dread lich
 35550 | Vaults:2 | Identified the staff of Ruination {+Blink rPois Str-3 Conj
                  | Tloc}
 35805 | Vaults:2 | Found Efokeh's Book Shop.
 35954 | Vaults:3 | Noticed Mennas
 36003 | Vaults:3 | Killed Mennas
 36288 | Vaults:3 | Found Dezxyvoyp's Antique Weapon Shop.
 36971 | Vaults:3 | Found a staircase to the Crypt.
 37096 | Vaults:3 | Found a runed gate.
 37096 | Vaults:3 | Found a runed gate.
 37096 | Vaults:3 | Found a runed gate.
 37128 | Vaults:3 | Found a glowing golden altar of the Shining One.
 37814 | Vaults:4 | Identified the +7 tower shield of the Elven Halls {Rampage
                  | +Blink rPois}
 37957 | Vaults:4 | Reached XP level 22. HP: 194/194 MP: 22/22
 38728 | Vaults:5 | Entered Level 5 of the Vaults
 38754 | Vaults:5 | Noticed a dread lich
 38757 | Vaults:5 | Killed a dread lich
 38993 | Vaults:5 | Noticed a dread lich
 39014 | Vaults:5 | Killed a dread lich
 39403 | Vaults:5 | Found the ring of Shadows {Umbra +Inv Stlth+}
 39403 | Vaults:5 | Found the +27 heavy crossbow "Sniper" {heavy, Acc+∞ SInv}
 39478 | Vaults:5 | Found the +2 hat of the Bear Spirit {Spirit, Bear, *Rage
                  | Will++}
 39490 | Vaults:5 | Got a silver rune of Zot
 39646 | Vaults:5 | Got Yjuxipt's Essays on the Crevasse and the Spider
 39735 | Vaults:5 | Acquired a manual of Dodging
 39911 | Vaults:5 | Identified the +0 mace "Pirum" {freeze, rC+ Dex+3}
 40265 | Depths:1 | Entered Level 1 of the Depths
 40529 | Depths:1 | Reached skill level 1 in Poison Magic
 40605 | Depths:1 | Found a one-way gate to the infinite horrors of the Abyss.
 40626 | Depths:1 | Reached skill level 2 in Poison Magic
 40659 | Depths:1 | Got the Papyrus of Turbulent Ice
 40728 | Depths:1 | Found a gateway to Hell.
 40744 | Depths:1 | Reached skill level 3 in Poison Magic
 40869 | Depths:1 | Reached skill level 4 in Poison Magic
 40905 | Depths:1 | Found a broken altar of Ashenzari.
 40968 | Depths:1 | Found a runed translucent gate.
 40968 | Depths:1 | Found a runed translucent gate.
 40968 | Depths:1 | Found an opulent altar of Gozag.
 40968 | Depths:1 | Found a runed translucent gate.
 40969 | Depths:1 | Noticed Punicw's ghost (adept TrGl)
 40971 | Depths:1 | Found Pofuedd's Assorted Antiques.
 41355 | Depths:2 | Reached skill level 5 in Poison Magic
 41383 | Depths:2 | Reached XP level 23. HP: 201/201 MP: 23/23
 41401 | Depths:2 | Reached skill level 6 in Poison Magic
 41478 | Depths:2 | Found a one-way gate leading to the halls of Pandemonium.
 41492 | Depths:2 | Found a one-way gateway to a ziggurat.
 41521 | Zig:1    | Entered Level 1 of a ziggurat
 41568 | Zig:2    | Entered Level 2 of a ziggurat
 41654 | Zig:3    | Entered Level 3 of a ziggurat
 41668 | Zig:3    | Reached skill level 7 in Poison Magic
 41705 | Zig:4    | Entered Level 4 of a ziggurat
 41708 | Zig:4    | Noticed a caustic shrike
 41720 | Zig:4    | Killed a caustic shrike
 41844 | Zig:4    | Reached skill level 9 in Poison Magic
 41844 | Zig:4    | Reached XP level 24. HP: 212/212 MP: 23/23
 41847 | Zig:5    | Entered Level 5 of a ziggurat
 41888 | Zig:5    | Identified the +4 short sword of Totets {spect, Fly rN+}
 41905 | Zig:6    | Entered Level 6 of a ziggurat
 41911 | Zig:6    | Noticed a caustic shrike
 41917 | Zig:6    | Killed a caustic shrike
 41918 | Zig:6    | Reached skill level 10 in Poison Magic
 41982 | Zig:6    | Found the +8 pair of quick blades "Gyre" and "Gimble"
                  | {protect}
 42002 | Zig:6    | Identified the +2 glaive "Guuhirum" {freeze, rPois rC+
                  | Dex-5 Stlth+}
 42014 | Zig:7    | Entered Level 7 of a ziggurat
 42020 | Zig:7    | Found the +3 Elemental Staff {ele, rElec rF+ rC+ AC+3}
 42058 | Zig:7    | Reached skill level 11 in Poison Magic
 42159 | Zig:7    | Identified the staff of the Shoals {rElec Will- rCorr Str+3
                  | Earth}
 42168 | Zig:7    | Reached skill level 12 in Poison Magic
 42168 | Zig:7    | Reached XP level 25. HP: 219/219 MP: 23/23
 42175 | Zig:8    | Entered Level 8 of a ziggurat
 42268 | Zig:8    | Found the +10 Black Knight's barding {ponderous, rPois rN+}
 42292 | Zig:9    | Entered Level 9 of a ziggurat
 42310 | Zig:9    | Noticed a Killer Klown
 42316 | Zig:9    | Noticed a Killer Klown
 42316 | Zig:9    | Noticed a Killer Klown
 42340 | Zig:9    | Killed a Killer Klown
 42341 | Zig:9    | Reached skill level 13 in Poison Magic
 42345 | Zig:9    | Killed a Killer Klown
 42366 | Zig:9    | Killed a Killer Klown
 42583 | Depths:2 | Reached skill level 14 in Poison Magic
 42988 | Depths:2 | Noticed a dread lich
 43184 | Depths:2 | Killed a dread lich
 43185 | Depths:2 | Reached skill level 15 in Poison Magic
 43233 | Depths:2 | Got the Compilation of Left-Handed Mysteries
 43514 | Depths:3 | Reached skill level 16 in Poison Magic
 44194 | Depths:3 | Noticed an ancient lich
 44215 | Depths:3 | Killed an ancient lich
 44216 | Depths:3 | Reached skill level 17 in Poison Magic
 44259 | Depths:3 | Found a radiant altar of Vehumet.
 44279 | Depths:3 | Reached XP level 26. HP: 226/226 MP: 23/23
 44309 | Depths:3 | Identified the +4 short sword "Rodang" {protect, rPois
                  | Will- Dex+7}
 44402 | Depths:3 | Identified the +4 broad axe of Kinoefux {pain, Dex+2}
 44405 | Depths:3 | Identified the +7 sling of Dim Light {freeze, rElec}
 44415 | Depths:3 | Got the Anthology of Puissant Austromancy
 44542 | Depths:4 | Entered Level 4 of the Depths
 44755 | Depths:4 | Found a gate to the Realm of Zot.
 44792 | Depths:4 | Reached skill level 18 in Poison Magic
 45276 | Depths:4 | Noticed a juggernaut
 45288 | Depths:4 | Killed a juggernaut
 45332 | Depths:4 | Found Big Baal Hell's Store.
 45591 | Depths:4 | Reached skill level 19 in Poison Magic
 45655 | Depths:4 | Found a white marble altar of Elyvilon.
 45655 | Depths:4 | Found a glowing silver altar of Zin.
 45655 | Depths:4 | Found a glowing golden altar of the Shining One.
 45945 | Zot:1    | Entered Level 1 of the Realm of Zot
 46150 | Zot:1    | Found an iron altar of Okawaru.
 46290 | Zot:1    | Reached skill level 20 in Poison Magic
 46943 | Zot:2    | Reached skill level 21 in Poison Magic
 47719 | Zot:3    | Noticed an orb of fire
 47724 | Zot:3    | Gained mutation: Your health recovers twice as slowly from
                  | being drained. [an orb of fire]
 47727 | Zot:3    | Gained mutation: You have hidden genetic defects. [an orb
                  | of fire]
 47731 | Zot:3    | Gained mutation: You are weak. (Str -2) [an orb of fire]
 47732 | Zot:3    | Killed an orb of fire
 47733 | Zot:3    | Lost mutation: You have hidden genetic defects. [potion of
                  | mutation]
 47733 | Zot:3    | Lost mutation: You are weak. (Str -2) [potion of mutation]
 47733 | Zot:3    | Gained mutation: You are frail. (-10% HP) [potion of
                  | mutation]
 47733 | Zot:3    | Gained mutation: Armour fits poorly on your strangely
                  | shaped body. [potion of mutation]
 47734 | Zot:3    | Lost mutation: Your health recovers twice as slowly from
                  | being drained. [potion of mutation]
 47734 | Zot:3    | Lost mutation: You are frail. (-10% HP) [potion of
                  | mutation]
 47734 | Zot:3    | Gained mutation: Your mind is acute. (Int +4, Str/Dex -1)
                  | [potion of mutation]
 47825 | Zot:3    | Reached skill level 22 in Poison Magic
 48009 | Zot:3    | Reached XP level 27. HP: 233/233 MP: 23/23
 48120 | Zot:3    | Noticed an ancient lich
 48287 | Zot:3    | Reached skill level 23 in Poison Magic
 48411 | Zot:3    | Killed an ancient lich
 48468 | Zot:3    | Found a stormy altar of Qazlal.
 48496 | Zot:3    | Identified the +9 shortbow "Jori" {freeze, Int+3}
 49423 | Zot:4    | Reached skill level 24 in Poison Magic
 49696 | Zot:4    | Reached skill level 25 in Poison Magic
 50226 | Zot:5    | Entered Level 5 of the Realm of Zot
 50375 | Zot:5    | Noticed an ancient lich
 50379 | Zot:5    | Noticed an orb of fire
 50401 | Zot:5    | Noticed an ancient lich
 50411 | Zot:5    | Noticed an orb of fire
 50469 | Zot:5    | Reached skill level 26 in Poison Magic
 50471 | Zot:5    | Killed a dread lich
 50616 | Zot:5    | Noticed an ancient lich
 50624 | Zot:5    | Killed an ancient lich
 50627 | Zot:5    | Noticed an orb of fire
 50632 | Zot:5    | Gained mutation: You are clumsy. (Dex -2) [an orb of fire]
 50634 | Zot:5    | Killed an orb of fire
 50664 | Zot:5    | Reached skill level 27 in Poison Magic
 50730 | Zot:5    | Got the Orb of Zot
 51020 | Depths:4 | Noticed Baadoosk the pandemonium lord
 51220 | D:15     | Noticed Zeheasiawn the pandemonium lord
 51363 | D:10     | Noticed Bimomar the pandemonium lord
 51517 | D:$      | Escaped with the Orb!

Illustrated notes

Levels and vault maps discovered:
D:1:      dpeg_arrival_arbitrary_b, layout_basic, minmay_cupped
D:2:      layout_basic, basic_altar, uniq_jessica
D:3:      layout_loops_ring, corner_web_ring
D:4:      layout_rooms, kennysheep_mini_moat, kennysheep_little_box,
          minmay_temple_entry_tees, chequers_mini_garden, nicolae_titane,
          uniq_sigmund, uniq_edmund, uniq_menkaure
D:5:      layout_basic
D:6:      minmay_octagon_keep, layout_rooms, mainiacjoe_overflow_catwalk,
          nicolae_figureground_sparkle, uniq_grinder
D:7:      layout_layer_cave, serial_shops, shop_fountains, lightli_minifort,
          uniq_prince_ribbit1
D:8:      layout_rooms, elyvilon_altar_1, gammafunk_temple_overflow_statue,
          mainiacjoe_overflow_paths, enter_bailey_3
D:9:      minmay_general_purpose_star, layout_small_grid, hiddenorc2_lemuel,
          serial_shops, shop, nicolae_straight_to_the_point, uniq_pikel
D:10:     layout_long_grid, nicolae_transporter_circle
D:11:     layout_roguey, grunt_lair_entry_orc_guard_hut, uniq_grum
D:12:     layout_long_grid, led_sif_pool
D:13:     minmay_the_grid_octo_tiled_octocenter [minmay_the_grid_octo_odd_swirl,
          minmay_the_grid_octo_clover, minmay_the_grid_octo_tetromino_candy,
          minmay_the_grid_octo_concentric, minmay_the_grid_octo_prize_star,
          minmay_the_grid_square_5x5_sharp_hourglass,
          minmay_the_grid_square_5x5_pentomino_r,
          minmay_the_grid_square_5x5_two_small,
          minmay_the_grid_square_5x5_almost_minimal], layout_loops_ring,
          serial_shops, nicolae_shop_rolling_square, cheibriados_altar_1
D:14:     minmay_dotted_concentric_squares, layout_basic
D:15:     grunt_enter_depths_giant_problem, layout_stronghold,
          gammafunk_ghost_spectres, serial_shops, shop_statue, tso_altar
Temple:   hellmonk_temple_two_chambers
Lair:1:   layout_small_grid, nicolae_lair_liquid_snakes
Lair:2:   hellmonk_destroyed_diamonds, layout_layer_cave,
          elwin_shoals_entry_stream, uniq_amaemon, uniq_urug
Lair:3:   layout_cave_pods, spider_nest_entry_web_field, st_stairs_8
Lair:4:   layout_hall_layers, beast_lair_carwin_5, lemuel_fruit_fields
Lair:5:   gammafunk_lair_ancient_temple, layout_regular_city,
          minmay_slime_entry_oklob_open, kennysheep_basilisk_garden
Shoals:1: layout_shoals, serial_shops, bzr_in_the_mist,
          nicolae_shop_gibbet_a_chance, nicolae_shop_drivethru,
          dpeg_stationary_puzzle
Shoals:2: layout_shoals, nicolae_shoals_pincushion_passage
Shoals:3: layout_shoals, portal_ice_cave_entry_ice_statue_one, serial_shops,
          nicolae_shop_gaudy_bauble
Shoals:4: shoals_end_hangedman, layout_shoals
Spider:1: layout_spider_delve
Spider:2: nicolae_spider_mines_3, nicolae_spider_cling_halls
Spider:3: layout_chambers, gammafunk_ghost_necromancy, uniq_nikola,
          uniq_mlioglotl
Spider:4: floodkiller_spider_rune_tomb, uniq_arachne
Orc:1:    layout_caves, basic_altar, serial_shops, nicolae_shop_trees,
          shop_fountains, nicolae_shop_tiny_waterfront,
          gammafunk_ghost_fury_of_okawaru, einodemon_barbed_minivault
Orc:2:    st_orc_open, layout_caves, serial_shops,
          nicolae_shop_just_a_little_nook, uniq_erolcha, uniq_nessos
Elf:1:    cheibrodos_wizards_tower, layout_onion_city, serial_co_window_serial,
          co_window_corner_a, co_window_paths_b, co_window_paths_a,
          co_window_paths_a, co_window_cross_1, co_window_corner_cb,
          co_window_broadway_a, co_window_paths_c, co_window_corner_b,
          glass_columns_a, glass_columns_b, glass_columns_b, glass_columns_b,
          nicolae_alphabet_shops
Elf:2:    nicolae_elf_blades_crystal_corner, layout_loops_ring, serial_shops,
          nicolae_shop_crystal, lemuel_upstairs_altar, uniq_roxanne,
          uniq_asterion
Elf:3:    minmay_elf_hall_hex, layout_geoelf_castle, serial_sigils,
          serial_sigils_hangedman_scratch, serial_sigils_hangedman_gut,
          serial_sigils_hangedman_confine, nicolae_elf_big_sculpture_3,
          nicolae_elf_hall_of_bonks
Vaults:1: nicolae_vaults_more_shelving_1, v_misc_22,
          nicolae_vaults_mini_display_case, vaults_room_grunt_arrival_ludios,
          nicolae_vaults_offset_grid_hallway_1, grunt_vaults_bifocal,
          nicolae_vaults_network_quinsquares
          [nicolae_vaults_network_quincunx_subvault,
          nicolae_vaults_network_quincunx_subvault,
          nicolae_vaults_network_quincunx_subvault,
          nicolae_vaults_network_quincunx_subvault], vaults_dpeg_emergency_exit,
          v_misc_11, nicolae_vaults_closet_pinwheel_4, vaults_dpeg_ring,
          grunt_vaults_diagonal, st_cross, nicolae_vaults_two_Ls,
          layout_vaults_omnibox, uniq_saint_roka, uniq_donald
Vaults:2: nicolae_vaults_storage_closets_1,
          nicolae_vaults_you_can_take_it_with_you, hangedman_vaults_corner,
          nicolae_vaults_network_barrier, nicolae_vaults_hexular_roomagon,
          v_pattern_3, ontoclasm_vaults_eye, vaults_room_ringed_pool, v_rooms_3,
          layout_vaults_ring, serial_shops, shop, uniq_margery, uniq_frederick
Vaults:3: dpeg_vaults_monster_box, blue_anna_dwarven_crypt,
          nicolae_vaults_house_1, v_alt_pattern_3, abrahamwl_protected_by_tso_1,
          vaults_room_door_hall, vaults_room_door_ring,
          nicolae_vaults_octothorpe, layout_vaults_omnicross, serial_shops,
          shop, uniq_mennas
Vaults:4: hangedman_vaults_variations, nicolae_vaults_diamond_2,
          hangedman_vaults_restitches, hangedman_vaults_restitches, v_misc_9,
          vaults_room_corners, nicolae_vaults_theta, v_misc_29,
          nicolae_vaults_double_plus_3, vaults_room_door_ring,
          layout_vaults_omnigrid
Vaults:5
Depths:1: nicolae_hitomezashi [nicolae_hito_row, nicolae_hito_row,
          nicolae_hito_row, nicolae_hito_row, nicolae_hito_row,
          nicolae_hito_row, nicolae_hito_row, nicolae_hito_row,
          nicolae_hito_row, nicolae_hito_row, nicolae_hito_row,
          nicolae_hito_row, nicolae_hito_row, nicolae_hito_row,
          nicolae_hito_row, nicolae_hito_row, nicolae_hito_row,
          nicolae_hito_row], layout_cave_pools, ebering_ghost_gozag,
          abyss_entry, grunt_mini_vestibule, st_stairs_10,
          nicolae_ashenzari_skybound
Depths:2: bobbens_index_wilting_gardens, layout_gridlike, enter_ziggurat_b,
          hell_entry, reono_crystal_passage, abyss_entry, pan_entry,
          infiniplex_staircase_pool_1
Depths:3: evilmike_halls_of_destruction, layout_gridville,
          pf_dread_powers_of_hell, abyss_entry, nicolae_wwwww,
          minmay_statues_item, feat_on_display
Depths:4: evilmike_zot_entry_argh, layout_gridlike,
          serial_sigils_hangedman_shear, abyss_entry_small_statue_room,
          nicolae_hell_entry_big_baal_hell, hallowed_hall
Zot:1:    layout_basic, basic_altar, regret_index_zotdec_dark_gr
Zot:2:    layout_onion_interference, regret_index_zotdec_barnacled_alternative,
          regret_index_zotdec_tunneler, amethyst_zot_foddershock
Zot:3:    regret_index_qazlal_generations, layout_onion_interference
Zot:4:    layout_twisted_circle, grunt_megastairs_4, uniq_grunn
Zot:5:    layout_twisted_circle

Skill      XL: |  1  2  3  4  5  6  7  8  9 10 11 12 13 14 15 16 17 18 19 20 21 22 23 24 25 26 27 |
---------------+----------------------------------------------------------------------------------+-----
Polearms       | 3 4 5 7 8 11 14 16 17 18 19 20 21 23 24 | 24.2
Fighting       | 4 5 7 9 11 12 13 16 18 20 21 22 23 | 23.7
Dodging        | 8 10 13 19 21 | 21.8
Shields        | 6 12 15 | 15.0
Shapeshifting  | 12 16 17 21 25 | 25.0
Poison Magic   | 5 9 12 17 22 27 | 27.0
Armour         | |  2.1

Action                     |  1- 3 |  4- 6 |  7- 9 | 10-12 | 13-15 | 16-18 | 19-21 | 22-24 | 25-27 || total
---------------------------+-------+-------+-------+-------+-------+-------+-------+-------+-------++-------
  Melee: Trident           |   137 |   160 |   345 |   810 |  1029 |  1028 |       |       |       ||  3509
         Tailslap          |       |       |       |     4 |    10 |    50 |    16 |       |     2 ||    82
         Demon trident     |       |       |       |       |       |   499 |  1566 |   762 |  2143 ||  4970
  Throw: Throwing net      |       |       |       |     1 |       |       |       |       |       ||     1
         Dart              |       |       |       |     3 |    10 |       |       |       |       ||    13
 Invoke: Call Merchant     |       |       |       |     1 |     2 |     2 |     3 |       |       ||     8
         Bribe Branch      |       |       |       |       |       |       |       |     1 |     3 ||     4
  Evoke: Wand              |       |       |       |    10 |     5 |     3 |       |       |    10 ||    28
         Lightning rod     |       |       |       |       |       |     9 |     6 |     4 |       ||    19
         Phial of floods   |       |       |       |       |       |     1 |     1 |       |       ||     2
         Sack of spiders   |       |       |       |       |       |     2 |     1 |       |       ||     3
    Use: Scroll            |     1 |     6 |     1 |    25 |     7 |    18 |    16 |     4 |    16 ||    94
         Potion            |       |     1 |     7 |     3 |     3 |     7 |     7 |     7 |     9 ||    44
   Stab: Paralysed         |       |       |       |     3 |     2 |       |       |       |       ||     5
         Distracted        |       |       |       |     8 |     7 |    14 |     7 |    16 |    19 ||    71
         Invisible         |       |       |       |     1 |     2 |       |     5 |       |       ||     8
         Fleeing           |       |       |       |       |       |     1 |       |       |       ||     1
         Sleeping          |       |       |       |       |       |     2 |     8 |     7 |     8 ||    25
         Petrifying        |       |       |       |       |       |       |       |       |     1 ||     1
 Armour: Scale mail        |    92 |    94 |   169 |   216 |   271 |   354 |       |       |       ||  1196
         Skin              |       |       |       |       |       |   375 |   693 |   395 |  1387 ||  2850
  Dodge: Dodged            |    51 |    46 |    79 |   210 |   196 |   603 |   708 |   400 |  1399 ||  3692
         Repelled          |       |       |       |       |     7 |    11 |       |       |       ||    18
  Block: Buckler           |    28 |    31 |    43 |    82 |    20 |       |       |       |       ||   204
         Tower shield      |       |       |       |       |   657 |  1635 |  1597 |  1193 |  3389 ||  8471
         Reflection        |       |       |       |       |    20 |    15 |       |       |       ||    35
   Form: Statue            |       |       |       |       |       |     1 |       |       |       ||     1

Table legend: (Time is in decaauts)
 A = Elapsed time spent in this place.
 B = Non-inter-level travel time spent in this place.
 C = Inter-level travel time spent in this place.
 D = Time resting spent in this place.
 E = Time spent auto-exploring this place.
 F = Levels seen in this place.
 G = Mean time per level.
                   A        B        C        D        E       F      G
               +--------+--------+--------+--------+--------+-----+--------+
         Total |  60503 |  55023 |   5480 |   1921 |  39081 |  59 | 1025.5 |
       Dungeon |  15617 |  13417 |   2200 |    684 |  10119 |  15 | 1041.1 |
        Temple |      1 |      1 |      0 |      0 |      0 |   1 |    1.0 |
          Lair |   4706 |   4382 |    324 |      0 |   3499 |   5 |  941.2 |
        Shoals |   2173 |   1671 |    502 |     32 |   1007 |   4 |  543.2 |
   Spider Nest |   5716 |   5312 |    404 |      0 |   3687 |   4 | 1429.0 |
  Orcish Mines |   1996 |   1801 |    195 |     44 |   1319 |   2 |  998.0 |
   Elven Halls |   3879 |   3453 |    426 |     68 |   2553 |   3 | 1293.0 |
        Vaults |  10696 |  10197 |    499 |    622 |   7122 |   5 | 2139.2 |
        Depths |   6803 |   6356 |    447 |    252 |   4340 |   4 | 1700.8 |
           Zot |   7089 |   6612 |    477 |    176 |   4482 |   5 | 1417.8 |
      Ziggurat |   1280 |   1280 |      0 |      0 |    683 |   9 |  142.2 |
        Bazaar |    129 |    129 |      0 |      0 |     66 |   1 |  129.0 |
        Bailey |    412 |    412 |      0 |     42 |    199 |   1 |  412.0 |
               +--------+--------+--------+--------+--------+-----+--------+

Top non-repeatable levels by time:
Vaults:2: 2565 daAuts
   Zot:3: 2433 daAuts
Vaults:1: 2209 daAuts
Depths:4: 2125 daAuts
Vaults:4: 2059 daAuts
Vaults:5: 1951 daAuts
Vaults:3: 1911 daAuts
Depths:2: 1853 daAuts
Spider:4: 1833 daAuts
Spider:3: 1778 daAuts
   Elf:3: 1649 daAuts
Depths:3: 1597 daAuts
     D:7: 1486 daAuts
     D:5: 1439 daAuts
   Zot:1: 1376 daAuts
